Map: [ESL] Inside and Out

Players

Reynor - Winner!

  • Race: Zerg Zerg
  • League: Master
  • Spawn Location: 7:00

maru

  • Race: Terran Terran
  • League: Diamond
  • Spawn Location: 1:00

Event: TSL 9

VOD

Have the link to the VOD?

Description

Time

  • Played on: Sept. 3, 2022, 12:14 p.m.
  • Length: 15:10

All games in this series

Show
View Real Time Build Order
Export as new Build Order

Reynor Zerg - Winner!

Build Orders: Hatch First, Lurkers 

Get SALT Encoding   

  12  0:00  Drone  
  13  0:12  Overlord  
  13  0:16  Drone  
  14  0:30  Drone x2  
  16  0:47  Hatchery  
  15  0:50  Drone  
  15  0:54  Drone  
  17  0:57  Drone  
  18  1:09  Extractor  
  17  1:12  Spawning Pool  
  17  1:15  Drone  
  17  1:19  Drone  
  18  1:27  Drone  
  19  1:38  Drone  
  20  1:48  Overlord  
  20  1:59  Queen x2  
  24  2:04  Drone x2  
  26  2:12  Drone x2  
  28  2:21  Drone x2  
  30  2:27  Hatchery  
  29  2:31  Drone  
  29  2:32  Drone  
  29  2:34  Metabolic Boost  
  31  2:41  Drone  
  31  2:42  Overlord  
  32  2:48  Queen  
  34  2:52  Drone  
  34  2:53  Zergling x2  
  36  3:00  Queen  
  36  3:04  Drone  
  36  3:05  Drone  
  40  3:09  Overlord  
  40  3:10  Drone x2  
  42  3:13  Drone  
  42  3:19  Overlord  
  43  3:26  Queen, Drone  
  46  3:29  Drone  
  47  3:35  Drone  
  47  3:36  Queen  
  47  3:40  Drone  
  51  3:43  Zergling x2  
  51  3:45  Queen  
  51  3:46  Drone  
  54  3:50  Zergling x2, Spore Crawler  
  54  3:52  Zergling x2  
  55  3:57  Zergling x6  
  55  3:58  Zergling x2  
  55  4:01  Overlord  
  55  4:02  Drone  
  60  4:06  Overlord  
  60  4:14  Overlord  
  60  4:20  Drone x2  
  60  4:21  Drone x2  
  60  4:23  Overlord  
  63  4:27  Lair, Drone  
  63  4:30  Baneling Nest, Extractor  
  62  4:32  Zergling x2, Queen  
  62  4:33  Drone  
  62  4:35  Drone x3  
  68  4:43  Drone x3  
  68  4:45  Overlord  
  71  4:47  Zergling x2  
  71  4:50  Queen  
  74  4:54  Drone  
  74  4:55  Drone  
  74  4:58  Overlord  
  76  5:05  Zergling x6  
  76  5:06  Drone  
  80  5:08  Queen  
  80  5:09  Drone x2  
  84  5:16  Overlord  
  84  5:18  Drone x2  
  84  5:21  Extractor  
  85  5:25  Queen, Centrifugal Hooks  
  85  5:26  Queen, Drone  
  90  5:33  Zergling x10  
  95  5:39  Zergling x2  
  95  5:42  Overlord  
  94  5:43  Zergling x8  
  94  5:49  Queen  
  100  5:51  Zergling x2  
  100  5:52  Overlord  
  100  5:55  Zergling x2  
  102  5:58  Hatchery  
  102  6:01  Overlord  
  102  6:02  Zergling x6  
  102  6:03  Drone  
  105  6:07  Zergling x2  
  105  6:08  Queen  
  108  6:13  Baneling x13  
  108  6:15  Zergling x6  
  108  6:17  Zergling x4  
  113  6:21  Zergling x8  
  117  6:28  Zergling x6  
  117  6:29  Queen  
  121  6:35  Baneling x11  
  121  6:36  Zergling x2  
  121  6:38  Zergling x4  
  121  6:39  Zergling x2  
  125  6:41  Drone  
  125  6:42  Overlord  
  125  6:43  Baneling x2  
  126  6:49  Zergling x4  
  127  6:55  Zergling x6  
  127  6:59  Zergling x4  
  117  7:02  Zergling x6  
  117  7:05  Zergling x4  
  116  7:09  Queen  
  116  7:11  Drone  
  116  7:13  Evolution Chamber  
  118  7:17  Zergling x6  
  118  7:20  Baneling  
  118  7:21  Baneling x10  
  121  7:24  Zergling x6  
  121  7:29  Drone  
  121  7:32  Zergling x2  
  121  7:33  Zergling x2  
  121  7:35  Drone  
  124  7:37  Drone  
  124  7:41  Drone x2  
  124  7:42  Hatchery  
  124  7:43  Drone, Overlord  
  125  7:45  Drone x4  
  120  7:56  Zergling x8  
  120  7:58  Zerg Ground Armor Level 1  
  123  7:59  Extractor  
  123  8:00  Queen  
  123  8:05  Zergling x4  
  126  8:06  Zergling x2  
  126  8:07  Zergling x4  
  126  8:09  Zergling x4  
  126  8:10  Zergling x4  
  126  8:11  Queen  
  135  8:13  Evolution Chamber  
  135  8:14  Zergling x4  
  135  8:19  Drone  
  138  8:20  Drone  
  138  8:24  Drone  
  139  8:28  Hydralisk Den, Extractor  
  139  8:30  Drone x2  
  139  8:31  Drone x2  
  139  8:32  Drone  
  139  8:33  Extractor  
  141  8:34  Drone x3  
  141  8:40  Zerg Melee Weapons Level 1, Overlord  
  144  8:42  Drone  
  144  8:44  Drone  
  144  8:47  Overlord  
  146  8:49  Spore Crawler x2  
  146  8:51  Overlord  
  146  8:53  Baneling x5  
  144  8:58  Zergling x2  
  144  8:59  Zergling x10  
  144  9:02  Muscular Augments  
  150  9:07  Hydralisk x8  
  165  9:11  Drone x3  
  165  9:12  Drone  
  165  9:13  Drone  
  170  9:17  Overlord  
  170  9:20  Hydralisk  
  170  9:22  Drone  
  173  9:24  Drone  
  173  9:30  Overlord  
  174  9:32  Spore Crawler  
  173  9:39  Hydralisk x5  
  173  9:43  Overlord x2  
  183  9:46  Infestation Pit  
  183  9:51  Drone  
  183  9:52  Drone x2  
  185  9:53  Drone x3  
  185  9:54  Hydralisk, Zerg Ground Armor Level 2  
  190  10:00  Pneumatized Carapace  
  190  10:01  Overseer  
  190  10:03  Drone x2  
  190  10:07  Baneling x7  
  192  10:09  Drone  
  192  10:10  Zergling x14  
  192  10:14  Burrow, Extractor x2  
  188  10:24  Hydralisk  
  188  10:25  Zergling x16  
  188  10:26  Zergling x2  
  194  10:34  Hatchery  
  182  10:39  Zergling x16  
  182  10:40  Zergling x4  
  182  10:41  Zerg Melee Weapons Level 2  
  186  10:44  Zergling x2  
  186  10:45  Zergling x12  
  193  10:52  Hive  
  193  10:55  Zergling x2, Hydralisk  
  193  10:56  Zergling x8  
  193  11:05  Zergling x4  
  193  11:06  Zergling x4  
  197  11:15  Zergling x2, Hydralisk  
  199  11:23  Hydralisk  
  199  11:24  Zergling x14  
  198  11:33  Grooved Spines  
  198  11:36  Zergling x4  
  195  11:46  Hydralisk  
  172  11:47  Zergling x26  
  183  11:55  Zergling x2  
  184  12:01  Hydralisk  
  184  12:02  Zergling x20  
  184  12:03  Lurker Den  
  191  12:12  Zerg Ground Armor Level 3, Baneling x15  
  190  12:16  Viper x2  
  196  12:23  Baneling x9  
  196  12:24  Baneling x3  
  195  12:35  Zergling x36  
  200  12:41  Zergling x12  
  197  12:48  Zergling x6  
  195  12:51  Drone  
  195  12:52  Drone  
  195  12:53  Drone x4  
  195  12:57  Drone x2  
  195  12:58  Drone x2  
  192  12:59  Drone  
  192  13:01  Zergling x2  
  194  13:06  Lurker x3  
  194  13:07  Lurker x2  
  194  13:10  Queen x5  
  194  13:11  Zergling x14, Queen x2  
  200  13:14  Drone  
  200  13:15  Drone  
  200  13:16  Seismic Spines, Drone  
  184  13:35  Zergling x30  
  194  13:41  Lurker x3  
  194  13:42  Lurker  
  194  13:44  Drone x2  
  200  13:49  Drone  
  200  13:50  Drone x2  
  191  13:59  Drone x10  
  196  14:03  Zergling x2  
  196  14:05  Overseer x2, Queen  
  196  14:08  Hydralisk  
  196  14:09  Zergling x6  
  197  14:12  Hydralisk  
  197  14:15  Hydralisk  
  197  14:16  Hydralisk x2  
  186  14:17  Zergling x4  
  188  14:27  Zergling x8  
  188  14:29  Zergling x6  
  194  14:36  Zergling x8  
  198  14:43  Hatchery  
  198  14:45  Zergling x4  
Show
View Real Time Build Order
Export as new Build Order

maru Terran 

Build Orders:  

Get SALT Encoding   

  12  0:00  SCV  
  13  0:12  SCV  
  14  0:17  Supply Depot  
  14  0:24  SCV  
  15  0:38  SCV  
  15  0:40  Barracks  
  15  0:42  Refinery  
  16  0:50  SCV  
  17  1:02  SCV  
  18  1:14  SCV  
  19  1:26  Marine  
  19  1:27  Orbital Command  
  20  1:38  Command Center  
  20  1:49  Factory  
  20  1:53  SCV  
  21  2:01  Barracks Reactor  
  21  2:05  SCV  
  22  2:10  Supply Depot  
  22  2:12  Refinery  
  22  2:18  SCV  
  23  2:31  SCV  
  23  2:33  Hellion  
  26  2:38  Marine x2, Starport  
  26  2:43  SCV  
  29  2:49  Orbital Command  
  29  2:56  SCV  
  29  2:57  Widow Mine  
  32  3:00  Marine  
  32  3:02  Marine  
  34  3:08  SCV  
  35  3:14  Medivac  
  35  3:15  Supply Depot  
  35  3:17  SCV  
  38  3:20  SCV  
  39  3:28  Hellion x2  
  39  3:30  SCV  
  39  3:31  Marine  
  45  3:34  SCV  
  45  3:40  Supply Depot  
  46  3:43  SCV  
  46  3:46  SCV  
  48  3:53  Starport Tech Lab  
  48  3:54  Barracks Tech Lab  
  48  3:55  SCV  
  49  3:57  Hellion x2  
  49  3:58  SCV  
  54  4:03  Supply Depot  
  54  4:07  SCV  
  55  4:10  SCV  
  55  4:12  Raven, Marine  
  55  4:14  Stimpack  
  59  4:19  SCV  
  59  4:23  SCV  
  62  4:31  SCV  
  62  4:32  Supply Depot  
  62  4:33  Barracks x2  
  62  4:34  Factory Reactor  
  62  4:35  SCV  
  63  4:41  Engineering Bay  
  63  4:43  SCV, Refinery  
  64  4:47  SCV  
  65  4:55  SCV  
  65  4:59  SCV, Barracks  
  67  5:01  Barracks  
  67  5:02  Starport Reactor  
  67  5:03  Marine  
  68  5:07  SCV  
  68  5:08  Terran Infantry Weapons Level 1  
  68  5:11  SCV  
  68  5:12  Supply Depot  
  70  5:19  SCV  
  71  5:22  Marine x2  
  71  5:23  SCV  
  71  5:27  Supply Depot  
  74  5:30  Marine x3  
  74  5:31  SCV  
  74  5:33  Siege Tank  
  74  5:35  Supply Depot x2  
  81  5:40  Marine x2  
  83  5:46  Marine  
  83  5:47  Medivac  
  83  5:48  Medivac, Marine x2  
  90  5:50  Supply Depot, Marine x2  
  90  5:53  Combat Shield  
  92  5:58  Marine  
  93  6:04  Marine  
  93  6:05  Refinery, Siege Tank  
  93  6:07  Marine  
  93  6:08  Marine  
  99  6:11  Marine x2  
  99  6:18  Marine x2  
  103  6:22  Supply Depot, Marine  
  104  6:26  Medivac, Marine x2  
  108  6:42  Marine  
  109  6:48  Command Center  
  109  6:49  Marine x2  
  94  7:01  Marine  
  94  7:04  Marine x2  
  96  7:08  Siege Tank  
  96  7:09  Medivac x2  
  96  7:10  Terran Infantry Armor Level 1  
  96  7:15  SCV x2  
  105  7:17  Barracks Reactor x2  
  103  7:25  Armory  
  103  7:26  Engineering Bay  
  103  7:27  SCV x2  
  103  7:29  Marine  
  103  7:30  Marauder, Marine  
  103  7:31  Marine  
  103  7:35  Concussive Shells  
  106  7:39  SCV  
  107  7:46  SCV  
  100  7:51  SCV, Marauder  
  99  7:58  SCV  
  99  7:59  Marine x5  
  99  8:03  SCV  
  99  8:04  Orbital Command  
  105  8:10  SCV, Widow Mine x2, Marauder  
  114  8:12  Marauder  
  114  8:16  SCV  
  115  8:22  SCV  
  115  8:24  Medivac x2, Orbital Command  
  120  8:28  SCV  
  120  8:32  Terran Infantry Weapons Level 2  
  121  8:34  SCV  
  121  8:38  Supply Depot  
  121  8:39  Marine x3  
  121  8:40  SCV  
  126  8:43  Barracks  
  126  8:44  Barracks  
  126  8:45  Barracks  
  126  8:46  SCV  
  126  8:47  Marine  
  126  8:48  Marauder  
  130  8:51  Widow Mine  
  130  8:52  Widow Mine  
  134  9:02  SCV x3  
  137  9:05  Marauder  
  137  9:07  Marine  
  137  9:09  Marauder  
  142  9:14  SCV x2  
  142  9:15  SCV  
  142  9:16  Supply Depot  
  145  9:24  Terran Infantry Armor Level 2  
  145  9:26  SCV x2  
  145  9:27  Supply Depot  
  145  9:28  Supply Depot  
  147  9:32  Barracks Tech Lab x2  
  147  9:33  Barracks Tech Lab  
  147  9:35  Barracks Reactor  
  147  9:40  Marine  
  147  9:41  Marauder x2  
  147  9:42  SCV  
  150  9:46  Sensor Tower  
  150  9:50  Medivac, Widow Mine x2  
  156  9:56  Marauder  
  160  10:00  Supply Depot  
  160  10:02  Marauder  
  160  10:06  Command Center, Marine  
  161  10:11  Widow Mine x2  
  161  10:13  Marauder, Marine x2  
  169  10:17  Marauder  
  169  10:20  Marine x2  
  173  10:22  Marauder  
  173  10:23  Marauder  
  173  10:27  Marine  
  174  10:28  Supply Depot  
  174  10:35  Marauder  
  159  10:39  Marauder, Marine x2  
  158  10:43  Marauder  
  158  10:44  Marine  
  158  10:45  Marauder  
  158  10:46  Marine x4  
  158  10:47  Marine  
  168  10:50  Terran Infantry Weapons Level 3  
  168  10:56  Marauder  
  169  11:01  Marauder  
  169  11:04  Marauder, Marine x2  
  167  11:06  Marauder  
  167  11:08  SCV x2, Marine x3  
  167  11:10  Refinery  
  175  11:18  Marauder  
  177  11:22  Marauder  
  177  11:23  Marine x3  
  173  11:26  Widow Mine x2, Marauder  
  173  11:28  Marauder  
  179  11:36  Marine x3  
  179  11:39  Marauder  
  177  11:43  SCV x2, Marauder  
  177  11:44  SCV  
  160  11:47  Marauder  
  160  11:49  Marauder, Marine x4  
  160  11:50  Widow Mine  
  170  11:55  SCV x2  
  170  11:57  Terran Infantry Armor Level 3  
  170  12:00  SCV, Marauder  
  175  12:03  Planetary Fortress  
  175  12:05  Marauder  
  175  12:07  SCV  
  178  12:09  Marauder  
  178  12:13  Marauder  
  178  12:15  Marine x4  
  183  12:16  Marine  
  183  12:21  Widow Mine x2  
  183  12:22  Marauder  
  193  12:23  Marine  
  193  12:26  Marauder  
  193  12:27  Marine  
  197  12:30  Marauder  
  197  12:33  Marine  
  197  12:34  Marine  
  197  12:35  Marauder  
  166  12:39  Marine  
  166  12:40  SCV  
  166  12:43  Marauder  
  146  12:45  SCV x2  
  146  12:46  SCV  
  146  12:48  Marauder  
  146  12:49  Marine  
  154  12:51  Marauder  
  154  12:52  SCV, Marine  
  154  12:56  Marauder  
  153  12:59  Marine  
  153  13:01  Marine  
  153  13:04  Marauder  
  157  13:09  Marauder  
  157  13:11  Marine x3  
  158  13:13  SCV x2, Marauder  
  158  13:18  Marauder, Marine  
  160  13:26  Marauder, Marine x3  
  165  13:30  Marauder  
  165  13:33  Medivac  
  165  13:34  Medivac, Marauder  
  160  13:39  Marauder  
  160  13:41  Marine  
  161  13:42  Marine x3  
  161  13:47  Marauder  
  161  13:48  Widow Mine x2  
  168  13:52  Marauder  
  156  13:55  Marauder  
  156  14:00  Marauder  
  142  14:03  Medivac  
  142  14:04  Medivac, Marine  
  142  14:05  Marine x3  
  142  14:09  Widow Mine, Marauder  
  150  14:10  Widow Mine  
  150  14:13  Marauder  
  135  14:17  Marauder  
  135  14:22  Marauder  
  137  14:25  Ghost Academy  
  137  14:30  Marauder, Marine x2  
  141  14:32  Marine x6  
  141  14:33  Medivac x2  
  141  14:34  Marauder  
  151  14:38  Marauder  
  151  14:43  Marauder  
  153  14:48  Marine x2  
  153  14:49  Marine  
Tags
 
Composition
Lurkers
Event
TSL 9
Matchup
TvZ
Spawn Locations
Cross Positions
Add a new tag
Caveats
  • Supply blocks, unpowered buildings, or Contaminate may cause inaccurate times.
  • Supply counts are checked every 10 seconds.